Map: Hard Lead LE

Players

LiquidElazer (Elazer) - Winner!

  • Race: Zerg Zerg
  • League: Master
  • Spawn Location: 5:00

DnS

  • Race: Protoss Protoss
  • Spawn Location: 11:00

VOD

Have the link to the VOD?

Description

Time

  • Played on: Dec. 28, 2023, 5:22 a.m.
  • Length: 11:31
Show
View Real Time Build Order
Export as new Build Order

LiquidElazer Zerg - Winner!

Build Orders: Hatch First, Lurkers, Roach Hydra 

Get SALT Encoding   

  12  0:00  Drone  
  13  0:11  Overlord  
  13  0:16  Drone  
  14  0:30  Drone x2  
  16  0:47  Hatchery  
  15  0:51  Drone  
  15  0:54  Drone  
  17  0:57  Drone  
  18  1:08  Extractor  
  17  1:13  Spawning Pool  
  17  1:16  Drone  
  17  1:20  Drone  
  18  1:28  Drone  
  19  1:38  Drone  
  20  1:48  Drone  
  21  1:59  Queen x2  
  21  2:00  Zergling x2  
  21  2:01  Overlord  
  26  2:11  Drone x2  
  26  2:13  Metabolic Boost  
  28  2:21  Drone x2  
  30  2:36  Hatchery  
  29  2:38  Queen  
  29  2:42  Drone x2  
  33  2:46  Overlord  
  33  2:54  Drone x3  
  36  3:09  Overlord  
  36  3:10  Queen  
  38  3:14  Spore Crawler  
  38  3:15  Drone x4  
  38  3:19  Queen  
  44  3:24  Overlord  
  44  3:26  Overlord  
  44  3:33  Drone x2  
  46  3:37  Drone  
  47  3:43  Drone  
  47  3:47  Spore Crawler  
  47  3:50  Drone x5  
  47  3:52  Spore Crawler  
  47  3:55  Drone x2  
  55  3:56  Drone  
  55  4:01  Queen  
  57  4:02  Zergling x2  
  57  4:03  Zergling x2  
  57  4:05  Overlord  
  58  4:14  Drone x3  
  61  4:18  Overlord  
  61  4:21  Drone x4  
  65  4:24  Drone x4  
  65  4:29  Drone x3  
  72  4:32  Roach Warren  
  69  4:43  Drone x4  
  71  4:46  Lair  
  71  4:47  Drone  
  71  4:49  Extractor  
  71  4:50  Extractor  
  68  4:53  Drone x3, Extractor  
  68  4:54  Drone  
  68  4:56  Drone  
  68  4:57  Hatchery  
  71  5:00  Overlord  
  71  5:02  Overlord  
  71  5:13  Drone x2  
  71  5:14  Drone x7  
  79  5:24  Drone x5  
  79  5:27  Drone x4  
  88  5:28  Evolution Chamber  
  88  5:30  Extractor  
  88  5:33  Extractor  
  88  5:34  Drone x2  
  87  5:36  Evolution Chamber  
  87  5:39  Overlord  
  86  5:45  Glial Reconstitution  
  86  5:47  Spore Crawler  
  85  5:56  Zerg Missile Weapons Level 1  
  85  5:57  Drone, Infestation Pit  
  85  5:58  Roach x6  
  85  6:00  Zergling x10  
  85  6:04  Overlord  
  102  6:09  Extractor  
  101  6:11  Drone x3  
  101  6:12  Hydralisk Den  
  101  6:14  Extractor  
  101  6:15  Drone x3  
  105  6:20  Roach x3  
  105  6:22  Overlord  
  111  6:28  Roach x4  
  111  6:29  Overlord x2  
  119  6:36  Overlord  
  111  6:49  Roach x13  
  135  6:59  Queen x2  
  135  7:00  Queen  
  137  7:04  Drone x6  
  137  7:06  Hive  
  141  7:08  Drone x3  
  141  7:10  Grooved Spines  
  141  7:13  Drone  
  140  7:17  Drone x5  
  145  7:24  Overlord x2  
  145  7:29  Lurker Den  
  144  7:47  Overlord, Zerg Ground Armor Level 1  
  144  7:48  Drone x9  
  144  7:50  Hydralisk x4  
  159  7:51  Extractor  
  158  8:00  Muscular Augments, Hatchery, Overlord x3  
  157  8:06  Hydralisk  
  157  8:12  Overseer  
  159  8:14  Overlord x4  
  159  8:15  Overlord  
  159  8:18  Hydralisk x3  
  164  8:27  Seismic Spines, Hydralisk x4  
  172  8:43  Viper  
  172  8:46  Lurker x8  
  183  9:00  Spine Crawler  
  183  9:01  Spine Crawler x2, Drone x4  
  183  9:02  Spine Crawler x2  
  183  9:03  Spine Crawler x2  
  183  9:04  Spine Crawler  
  183  9:06  Spine Crawler  
  183  9:09  Hydralisk x7  
  192  9:11  Spore Crawler  
  192  9:12  Lurker x2  
  192  9:18  Spine Crawler, Drone x3  
  192  9:19  Spine Crawler  
  192  9:20  Drone x2  
  192  9:31  Drone x4  
  196  9:41  Hydralisk x2  
  200  9:55  Spore Crawler  
  191  10:12  Hydralisk  
  191  10:13  Hydralisk x8  
  181  10:24  Hydralisk x11  
  188  10:40  Roach x2  
  188  10:41  Roach x4  
  195  10:48  Overlord x3  
  156  11:08  Roach  
  156  11:09  Roach x8  
  149  11:30  Hatchery  
Show
View Real Time Build Order
Export as new Build Order

DnS Protoss 

Build Orders: 1 Gate Expand, Oracle Opening, Archon Immortal, Archon Drop 

Get SALT Encoding   

  12  0:00  Probe  
  13  0:12  Probe  
  14  0:18  Pylon  
  14  0:24  Probe  
  15  0:33  Assimilator  
  15  0:36  Probe (Chrono Boost)  
  16  0:43  Gateway  
  16  0:48  Probe (Chrono Boost)  
  17  0:53  Probe (Chrono Boost)  
  18  1:03  Probe  
  19  1:15  Probe  
  20  1:23  Nexus  
  20  1:32  Cybernetics Core  
  20  1:35  Probe  
  21  1:41  Assimilator  
  21  1:47  Probe  
  21  1:49  Pylon  
  22  1:59  Probe  
  23  2:09  Stargate  
  23  2:10  Adept (Chrono Boost)  
  23  2:11  Probe  
  26  2:19  Warp Gate  
  26  2:23  Probe  
  27  2:33  Stalker  
  30  2:37  Probe (Chrono Boost)  
  30  2:40  Probe (Chrono Boost)  
  31  2:47  Probe (Chrono Boost)  
  31  2:50  Probe (Chrono Boost)  
  33  2:52  Probe (Chrono Boost)  
  33  2:53  Oracle (Chrono Boost)  
  37  3:00  Probe  
  37  3:03  Probe  
  39  3:05  Adept  
  39  3:11  Pylon  
  39  3:12  Probe  
  42  3:16  Probe  
  43  3:21  Gateway  
  43  3:24  Probe  
  44  3:27  Oracle (Chrono Boost)  
  44  3:32  Probe  
  48  3:38  Probe  
  49  3:44  Probe  
  50  3:50  Probe  
  50  3:54  Nexus  
  50  3:55  Pylon  
  51  3:56  Probe  
  52  4:03  Probe  
  52  4:04  Assimilator  
  52  4:06  Assimilator  
  53  4:10  Twilight Council  
  53  4:12  Forge  
  53  4:18  Probe  
  53  4:20  Pylon  
  54  4:28  Gateway, Probe  
  54  4:30  Gateway  
  54  4:31  Protoss Ground Weapons Level 1 (Chrono Boost)  
  55  4:34  Probe  
  56  4:41  Probe  
  56  4:45  Robotics Facility  
  57  4:46  Probe  
  57  4:48  Charge (Chrono Boost)  
  58  4:53  Probe  
  58  4:58  Gateway  
  59  5:00  Gateway  
  59  5:02  Probe  
  59  5:06  Probe x2  
  62  5:14  Probe  
  62  5:15  Zealot  
  62  5:16  Zealot  
  62  5:18  Probe  
  62  5:19  Probe  
  69  5:26  Templar Archives, Probe  
  69  5:28  Pylon  
  70  5:30  Probe  
  70  5:31  Warp Prism (Chrono Boost), Probe  
  74  5:38  Probe  
  75  5:43  Probe x2  
  75  5:44  Pylon  
  75  5:45  Shield Battery  
  77  5:50  Probe  
  77  5:55  Probe x2  
  77  5:56  Zealot  
  82  5:57  Zealot  
  82  5:59  Pylon  
  82  6:03  High Templar x4, Probe  
  90  6:05  Pylon  
  90  6:07  Archon x2, Probe  
  90  6:08  Immortal (Chrono Boost)  
  95  6:13  Probe  
  95  6:14  Assimilator  
  95  6:15  Assimilator  
  96  6:22  Probe  
  96  6:24  Pylon  
  97  6:27  Zealot x2  
  101  6:36  Zealot  
  101  6:37  Zealot x3  
  108  6:42  Immortal (Chrono Boost)  
  108  6:44  Probe x2  
  108  6:46  Probe  
  105  7:00  Probe  
  105  7:01  Zealot x3, High Templar x2  
  102  7:02  Zealot  
  102  7:05  Archon  
  102  7:06  Gateway  
  106  7:12  Shield Battery  
  106  7:16  Immortal (Chrono Boost)  
  110  7:24  Sentry x2  
  110  7:25  Zealot, Sentry  
  110  7:29  Blink  
  118  7:31  Protoss Ground Weapons Level 2 (Chrono Boost)  
  118  7:32  Nexus  
  118  7:35  Pylon  
  118  7:38  Pylon  
  118  7:48  Zealot  
  118  7:49  Zealot x2  
  124  7:53  Pylon x2  
  124  7:57  Immortal (Chrono Boost)  
  124  7:58  Photon Cannon  
  124  8:01  Shield Battery  
  128  8:05  Probe  
  128  8:06  Probe x2  
  128  8:07  Gateway  
  128  8:08  Gateway  
  131  8:14  High Templar x3  
  131  8:15  Zealot, High Templar  
  131  8:18  Archon  
  131  8:19  Archon  
  141  8:26  Immortal (Chrono Boost)  
  143  8:34  Probe x2  
  143  8:35  Probe, Photon Cannon  
  143  8:36  Photon Cannon  
  143  8:38  High Templar  
  143  8:39  Zealot, High Templar  
  152  8:45  Archon  
  152  8:46  Probe  
  153  8:51  Probe x3  
  153  8:52  Photon Cannon  
  153  8:53  Photon Cannon x2  
  154  8:55  Gateway  
  154  8:58  Probe  
  154  8:59  High Templar x2  
  159  9:02  Gateway  
  159  9:04  Archon  
  159  9:09  Immortal (Chrono Boost)  
  159  9:15  Zealot x4  
  171  9:18  Assimilator  
  171  9:19  Assimilator  
  171  9:22  Pylon x2  
  171  9:23  Pylon  
  169  9:25  Pylon  
  169  9:33  Photon Cannon  
  169  9:34  Photon Cannon  
  169  9:35  High Templar  
  169  9:38  Observer (Chrono Boost)  
  172  9:41  Zealot x6, High Templar  
  172  9:42  Zealot  
  188  9:51  Fleet Beacon  
  189  9:53  Archon  
  189  9:55  Observer (Chrono Boost)  
  183  10:10  Zealot x7  
  183  10:11  Zealot  
  169  10:23  Oracle  
  169  10:25  Immortal  
  160  10:37  Zealot x9  
  168  11:01  Zealot x3  
  168  11:02  Zealot x6  
  156  11:08  Observer (Chrono Boost)  
Tags
 
Add a new tag
Caveats
  • Supply blocks, unpowered buildings, or Contaminate may cause inaccurate times.
  • Supply counts are checked every 10 seconds.